 Dungeon Crawl Stone Soup version 0.28-a0-479-g5baa6b73be (webtiles) character file.

Game seed: 9572340755440768955

102 BibaBloba the Skirmisher (level 4, 0/73 HPs)
             Began as an Ogre Berserker on Sept 18, 2021.
             Was a Believer of Trog.
             Slain by a worm (5 damage)
             ... on level 3 of the Dungeon.
             The game lasted 00:08:56 (3268 turns).

BibaBloba the Skirmisher (Ogre Berserker)           Turns: 3268, Time: 00:08:56

Health: 0/73       AC:  3    Str: 28    XL:     4   Next: 78%
Magic:  4/4        EV: 14    Int:  8    God:    Trog [**....]
Gold:   185        SH:  0    Dex:  8    Spells: 3/3 levels left

rFire   . . .      SeeInvis .   i - +0 war axe
rCold   . . .      Faith    .   (no shield)
rNeg    . . .      Spirit   .   b - +0 animal skin
rPois   .          Reflect  .   (helmet restricted)
rElec   .          Harm     .   (no cloak)
rCorr   .          Rampage  .   (gloves unavailable)
Will    ++...                   (boots unavailable)
Stlth   ..........              (no amulet)
HPRegen 1.22/turn               j - +6 ring of strength
MPRegen 0.09/turn               e - +4 ring of evasion

@: berserking, strong-willed, regenerating, very quick
A: large, unfitting armour, tough skin 1
a: Renounce Religion, Berserk, Trog's Hand


You were on level 3 of the Dungeon.
You worshipped Trog.
Trog was pleased with you.
You visited 1 branch of the dungeon, and saw 3 of its levels.

You collected 185 gold pieces.

Inventory:

Hand Weapons
 a - a +0 hand axe
 i - a +0 war axe (weapon)
Armour
 b - a +0 animal skin (worn)
Jewellery
 e - a +4 ring of evasion (right hand)
 j - a +6 ring of strength (left hand)
 l - an amulet of regeneration
Wands
 n - a wand of mindburst (9)
Scrolls
 c - a scroll of torment {unknown}
 d - a scroll of enchant armour {unknown}
 k - a scroll of enchant weapon {unknown}
 m - 2 scrolls of identify {unknown}
 p - a scroll of teleportation {unknown}
Potions
 f - a potion of flight {unknown}
 g - a potion of berserk rage {unknown}
 h - a potion of lignification {unknown}
 o - a potion of degeneration {unknown}


   Skills:
 + Level 4.8 Fighting
 + Level 4.1 Axes
 + Level 3.3 Dodging
 + Level 0.7 Stealth


You had 3 spell levels left.
You didn't know any spells.
Your spell library was empty.

Dungeon Overview and Level Annotations

Branches:
Dungeon (3/15)

Altars:


Innate Abilities, Weirdness & Mutations

You are too large for most types of armour.
You have tough skin. (AC +1)


Message History

Something hits you but does no damage.
You hear some strange, mumbled words.
You are confused.
You bump into the closed door.
You are too confused!
You bump into the rock wall.
Something hits you.
You bump into the rock wall.
Something hits you.
* * * LOW HITPOINT WARNING * * *
You bump into the closed door.
Something hits you.
* * * LOW HITPOINT WARNING * * *
You bump into the closed door.
Something hits you.
* * * LOW HITPOINT WARNING * * *
You bump into the rock wall.
You feel less confused. Something hits you but does no damage.
You open the door.
You hear some strange, mumbled words.
A magic dart appears from out of thin air!
The magic dart hits you.
* * * LOW HITPOINT WARNING * * *
An orc wizard appears from thin air!
Reactivating autopickup.
There is an open door here.
You closely miss the orc wizard.
The orc wizard is almost dead.
The orc wizard closely misses you. The orc wizard barely misses you.
You barely miss the orc wizard.
The orc wizard is almost dead.
The orc wizard casts a spell at you. The magic dart hits you!
* * * LOW HITPOINT WARNING * * *
You hit the orc wizard.
You kill the orc wizard!
Trog accepts your kill.
Trog appreciates your killing of a magic user.
Your skin crawls.
You feel strong-willed.
A red film seems to cover your vision as you go berserk!
You feel yourself moving faster!
You feel mighty! The worm bites you.
You die...

#.##.......
#.##.....#
#########.##.....#.
.w.........†......#
#######..........#P
#. #...)).###.#
.#..### #....#.# #
#'..'..#####....#.#
#..@w.......#.##...
#..#####....#.##..#
+..#####....#..#..#
#..#...........#..#
#..#...........#..#
+..#...........#..##
#..#...........#....
#..#..(........)....
############.....


You could see a worm.

Vanquished Creatures
  An orc wizard (D:3)
  2 adders (D:2)
  2 worms
  2 dart slugs
  3 orcs (D:3)
  2 endoplasms
  2 giant cockroaches
  8 goblins
  3 hobgoblins
  3 quokkas
  2 ball pythons
  4 bats
  2 frilled lizards (D:1)
  6 kobolds
  6 rats
48 creatures vanquished.

Vanquished Creatures (others)
  4 fungi (D:2)
  5 toadstools (D:2)
9 creatures vanquished.

Grand Total: 57 creatures vanquished

Notes
Turn   | Place    | Note
-------+----------+-------------------------------------------
     0 | D:1      | BibaBloba the Ogre Berserker began the quest for the Orb.
     0 | D:1      | Reached XP level 1. HP: 24/24 MP: 1/1
   513 | D:1      | Reached XP level 2. HP: 32/32 MP: 2/2
  1472 | D:2      | Reached XP level 3. HP: 32/40 MP: 3/3
  1512 | D:2      | Reached ** piety under Trog
  1761 | D:2      | Found a faded altar of an unknown god.
  2697 | D:2      | Reached XP level 4. HP: 49/49 MP: 4/4
  3265 | D:3      | HP: 1/49 [orc wizard/magic dart (8)]
  3268 | D:3      | Slain by a worm

Illustrated notes

Levels and vault maps discovered:
D:1:      mrwooster_arrival_statue, layout_basic
D:2:      layout_loops_ring, hellmonk_ecumenical_altar_heavens_door,
          grunt_decor_resistance, chequers_serial_rivers_micro_e,
          minmay_gold_behind_fungi
D:3:      layout_basic, mainiacjoe_overflow_24_doors,
          nicolae_ru_the_path_less_chosen, lemuel_zombie_altar_kikubaaqudgha,
          serial_shops, shop, minmay_strange_pillars, grunt_decor_one_mirror

Skill      XL: |  1  2  3  4 |
---------------+-------------+-----
Dodging        | 3 |  3.3
Axes           | 4 |  4.1
Fighting       | |  4.8
Stealth        | |  0.7

Action                   |  1- 3 |  4- 6 || total
-------------------------+-------+-------++-------
Melee: Hand axe          |    35 |       ||    35
       War axe           |    70 |    26 ||    96
Invok: Berserk           |    15 |     4 ||    19
       Trog's Hand       |       |     1 ||     1
Armor: Animal skin       |    23 |    11 ||    34
Dodge: Dodged            |    58 |    14 ||    72

Table legend: (Time is in decaauts)
 A = Elapsed time spent in this place.
 B = Non-inter-level travel time spent in this place.
 C = Inter-level travel time spent in this place.
 D = Time resting spent in this place.
 E = Time spent auto-exploring this place.
 F = Levels seen in this place.
 G = Mean time per level.
                   A        B        C        D        E       F      G
               +--------+--------+--------+--------+--------+-----+--------+
         Total |   3470 |   3399 |     71 |   1625 |   1229 |   3 | 1156.7 |
       Dungeon |   3470 |   3399 |     71 |   1625 |   1229 |   3 | 1156.7 |
               +--------+--------+--------+--------+--------+-----+--------+

Top non-repeatable levels by time:
     D:2: 1573 daAuts
     D:1: 1480 daAuts
     D:3: 416 daAuts
